 Dungeon Crawl Stone Soup version 0.21.1-1-g345015f (webtiles) character file.

5552 infcreate the Cleaver (level 10, -3/90 HPs)
             Began as a Minotaur Fighter on May 8, 2018.
             Was a Priest of Trog.
             Slain by AdmiralAndromeda's ghost (18 damage)
             ... on level 9 of the Dungeon.
             The game lasted 00:52:11 (10702 turns).

infcreate the Cleaver (Minotaur Fighter)           Turns: 10702, Time: 00:52:11

Health: -3/90      AC: 17    Str: 24    XL:     10   Next: 44%
Magic:  9/9        EV:  6    Int:  5    God:    Trog [***...]
Gold:   424        SH: 12    Dex: 10    Spells: 9/9 levels left

rFire    . . .     SeeInvis .   a - +0 war axe
rCold    . . .     Gourm    .   c - +0 shield
rNeg     . . .     Faith    .   B - +0 plate armour
rPois    .         Spirit   .   (helmet restricted)
rElec    .         Reflect  .   F - +0 cloak
rCorr    .         Harm     .   o - +0 pair of gloves
MR       .....                  (no boots)
Stlth    ..........             (no amulet)
HPRegen  0.25/turn              (no ring)
MPRegen  0.11/turn              (no ring)

@: no status effects
A: retaliatory headbutt, horns 2
a: Berserk, Trog's Hand, Burn Spellbooks, Renounce Religion


You were on level 9 of the Dungeon.
You worshipped Trog.
Trog was most pleased with you.
You were not hungry.

You visited 1 branch of the dungeon, and saw 9 of its levels.
You also visited: Bailey.

You collected 424 gold pieces.

Inventory:

Hand Weapons
 a - a +0 war axe (weapon)
Armour
 c - a +0 shield (worn)
 o - a +0 pair of gloves (worn)
 B - a +0 plate armour (worn)
 F - a +0 cloak (worn)
Jewellery
 E - an uncursed ring of poison resistance {unknown}
Wands
 D - a wand of iceblast (8)
Scrolls
 b - a scroll of acquirement {unknown}
 g - 4 scrolls of immolation {unknown}
 h - 2 scrolls of fear {unknown}
 i - 6 scrolls of remove curse
 k - 4 scrolls of enchant armour {unknown}
 m - 5 scrolls of amnesia {unknown}
 n - 2 scrolls of identify
 p - 5 scrolls of teleportation
 q - 3 scrolls of blinking {unknown}
 t - a scroll of enchant weapon
 x - a scroll of noise
 y - a scroll of magic mapping {unknown}
Potions
 d - a potion of might
 e - 3 potions of berserk rage
 j - 9 potions of curing
 l - 2 potions of flight
 r - 2 potions of ambrosia {unknown}
 s - a potion of haste {unknown}
 u - 3 potions of degeneration {unknown}
 v - a potion of cancellation {unknown}
 w - 3 potions of magic {unknown}
 z - a potion of heal wounds {unknown}
 A - 6 potions of mutation {unknown}
 C - a potion of agility {unknown}
Comestibles
 f - 14 rations


   Skills:
 + Level 8.6 Fighting
 + Level 11.7 Axes
 + Level 9.8 Armour
 + Level 9.2 Shields


You had 9 spell levels left.
You didn't know any spells.

Dungeon Overview and Level Annotations

Branches:
Dungeon (9/15)             Temple (0/1) D:6
   Lair: D:8-11         Orc: D:9-12

Altars:
Cheibriados
Dithmenos
Gozag
Hepliaklqana
Nemelex Xobeh
Qazlal
Sif Muna
Trog
Uskayaw
The Shining One

Annotations:
D:9 AdmiralAndromeda's ghost, journeyman TrBe


Innate Abilities, Weirdness & Mutations

You reflexively headbutt those who attack you in melee.
You have a pair of horns on your head.


Message History

You closely miss AdmiralAndromeda's ghost.
You headbutt AdmiralAndromeda's ghost.
AdmiralAndromeda's ghost is heavily damaged.
AdmiralAndromeda's ghost hits you!!
You hit AdmiralAndromeda's ghost.
AdmiralAndromeda's ghost is heavily damaged.
AdmiralAndromeda's ghost hits you!
* * * LOW HITPOINT WARNING * * *
You completely miss AdmiralAndromeda's ghost.
Your headbutt misses AdmiralAndromeda's ghost.
AdmiralAndromeda's ghost is heavily damaged.
AdmiralAndromeda's ghost hits you!
* * * LOW HITPOINT WARNING * * *
You block AdmiralAndromeda's ghost's attack.
There is an open door here.
AdmiralAndromeda's ghost ripples.
You block AdmiralAndromeda's ghost's attack.
There is a stone staircase leading up here.
AdmiralAndromeda's ghost hits you!!
You die...

..........#
..........#
..........#
#####......##
#...#####..#
#.......#..#
#.......#..#
#.......#..# .
#.@W....'..#
...#+#######..#
......<.......#
..............#
#.........###.#
#......#### #.#
#...... #.#
#...... #.#
#...... #.#


You could see AdmiralAndromeda's ghost.

Vanquished Creatures
  The ghost of Krilegs the Blocker, a novice FoFi of Uskayaw (D:6)
  Maurice (D:8)
  A hornet (D:8)
  The ghost of Krilegs the Caller, an amateur HOSu (D:3)
  Prince Ribbit (D:9)
  A hippogriff (D:9)
  A human (D:8)
  3 hogs (D:8)
  A yak (D:8)
  Eustachio (D:5)
  3 orc warriors
  3 ice beasts
  4 ogres
  A sky beast (D:8)
  A phantom (D:5)
  3 centaurs (D:7)
  A big kobold (D:8)
  A bullfrog (D:8)
  2 scorpions (D:8)
  5 killer bees (D:8)
  3 howler monkeys
  4 crimson imps
  3 hounds
  A jelly (D:6)
  A centaur zombie (D:9)
  8 orc priests
  4 orc wizards
  A bullfrog skeleton (D:4)
  2 iguanas
  3 worker ants
  A hound zombie (D:7)
  13 gnolls (Bailey)
  12 adders
  A shadow imp (D:5)
  An ooze (D:2)
  An adder skeleton (D:8)
  2 worms
  3 dart slugs
  2 leopard geckos
  27 orcs
  4 giant cockroaches
  9 goblins
  10 hobgoblins
  13 jackals
  3 quokkas
  2 ball pythons
  8 bats
  3 frilled lizards
  A jackal skeleton (D:7)
  21 kobolds
  A leopard gecko skeleton (D:5)
  5 rats
209 creatures vanquished.

Notes
Turn   | Place    | Note
-------+----------+-------------------------------------------
     0 | D:1      | infcreate the Minotaur Fighter began the quest for the Orb.
     0 | D:1      | Reached XP level 1. HP: 19/19 MP: 0/0
   439 | D:1      | Reached XP level 2. HP: 27/27 MP: 1/1
   944 | D:2      | Reached XP level 3. HP: 33/33 MP: 2/2
  1292 | D:2      | Reached skill level 3 in Axes
  1301 | D:2      | You fall through a shaft for 2 floors!
  1311 | D:3      | Reached XP level 4. HP: 40/40 MP: 3/3
  1354 | D:3      | Found a shadowy altar of Dithmenos.
  1379 | D:3      | Noticed Krilegs's ghost (amateur HOSu)
  1883 | D:3      | Reached XP level 5. HP: 47/47 MP: 4/4
  2365 | D:3      | Reached skill level 4 in Axes
  2402 | D:2      | Reached skill level 5 in Armour
  2694 | D:3      | Reached skill level 5 in Shields
  2828 | D:3      | Killed Krilegs's ghost
  2828 | D:3      | Reached skill level 5 in Fighting
  2828 | D:3      | Reached skill level 5 in Axes
  2828 | D:3      | Reached XP level 6. HP: 45/56 MP: 5/5
  3404 | D:4      | Reached XP level 7. HP: 57/61 MP: 6/6
  3416 | D:4      | Reached skill level 6 in Axes
  3905 | D:4      | Found a snail-covered altar of Cheibriados.
  4075 | D:5      | Entered Level 5 of the Dungeon
  4103 | D:5      | Noticed Eustachio
  4127 | D:5      | Killed Eustachio
  4127 | D:5      | Reached skill level 7 in Axes
  4325 | D:5      | Found a sparkling altar of Nemelex Xobeh.
  4372 | D:5      | Found an opulent altar of Gozag.
  4372 | D:5      | Found a bloodstained altar of Trog.
  4372 | D:5      | Found a glowing golden altar of the Shining One.
  4374 | D:5      | Found a stormy altar of Qazlal.
  4375 | D:5      | Found a hide-covered altar of Uskayaw.
  4399 | D:5      | Became a worshipper of Trog the Wrathful
  4472 | D:5      | Reached XP level 8. HP: 51/70 MP: 7/7
  5118 | D:6      | Noticed Krilegs's ghost (novice FoFi)
  5601 | D:6      | Reached skill level 8 in Axes
  5624 | D:6      | Found a staircase to the Ecumenical Temple.
  5716 | D:6      | Found a hazy altar of Hepliaklqana.
  6965 | D:7      | Found a deep blue altar of Sif Muna.
  6979 | D:7      | Found a flagged portal.
  7147 | D:7      | Reached * piety under Trog
  7477 | D:7      | You fall through a shaft!
  7477 | D:8      | Noticed Maurice
  7605 | D:7      | Reached skill level 9 in Axes
  7605 | D:7      | Reached XP level 9. HP: 78/78 MP: 8/8
  7610 | Bailey   | Entered a bailey
  8281 | Bailey   | Reached ** piety under Trog
  8977 | D:6      | Killed Krilegs's ghost
  8977 | D:6      | Reached skill level 10 in Axes
  9603 | D:8      | Paralysed by a hornet for 2 turns
  9606 | D:8      | Paralysed by a hornet for 1 turns
 10057 | D:8      | Reached XP level 10. HP: 70/88 MP: 9/9
 10059 | D:8      | Reached skill level 11 in Axes
 10143 | D:8      | Killed Maurice
 10254 | D:8      | Reached *** piety under Trog
 10399 | D:8      | Got a spiked chain mail
 10447 | D:8      | Identified the +1 chain mail "Ciusm" {SInv Stlth+} (You found it on level 8 of the Dungeon)
 10510 | D:9      | Noticed Prince Ribbit
 10523 | D:9      | Killed Prince Ribbit
 10531 | D:9      | Got a shimmering scale mail
 10542 | D:9      | Identified the cursed +1 scale mail of Eternity {+Fly Int+4} (You found it on level 9 of the Dungeon)
 10646 | D:9      | Noticed AdmiralAndromeda's ghost (journeyman TrBe)
 10702 | D:9      | Slain by AdmiralAndromeda's ghost

Skill      XL: |  1  2  3  4  5  6  7  8  9 10 |
---------------+-------------------------------+-----
Armour         | 4 5 6 7 9 |  9.8
Shields        | 4 5 6 7 8 9 |  9.2
Fighting       | 4 5 6 7 8 |  8.6
Axes           | 3 5 7 9 10 11 | 11.7

Action                   |  1- 3 |  4- 6 |  7- 9 | 10-12 || total
-------------------------+-------+-------+-------+-------++-------
Melee: War axe           |    83 |   172 |   401 |   111 ||   767
       Headbutt          |    11 |    18 |    81 |    27 ||   137
Invok: Burn Spellbooks   |       |       |     1 |       ||     1
  Use: Scroll            |       |       |     5 |     1 ||     6
       Potion            |       |       |     2 |       ||     2
  Eat: Chunk             |     1 |     3 |     2 |     2 ||     8
       Ration            |       |     1 |     6 |       ||     7
Armor: Scale mail        |    35 |   147 |    85 |       ||   267
       Plate armour      |       |       |    80 |    53 ||   133
Dodge: Dodged            |    27 |   103 |   103 |    11 ||   244
Block: Shield            |    40 |   146 |   223 |    41 ||   450
